 Dungeon Crawl Stone Soup version 0.27-a0-457-gba82baf56e (webtiles) character file.

Game seed: 1879832816893944409

191 Nattfarinn the Covered (level 6, -2/49 HPs)
             Began as a Formicid Abyssal Knight on Feb 28, 2021.
             Was a Believer of Lugonu.
             Slain by an iguana (9 damage)
             ... on level 4 of the Dungeon.
             The game lasted 00:06:59 (4668 turns).

Nattfarinn the Covered (Formicid Abyssal Knight)    Turns: 4668, Time: 00:07:00

Health: -2/49      AC:  3    Str: 19    XL:     6   Next: 2%
Magic:  7/7        EV: 11    Int: 11    God:    Lugonu [**....]
Gold:   152        SH:  0    Dex: 10    Spells: 5/5 levels left

rFire    . . .     SeeInvis +   n - +0 great sword
rCold    . . .     Faith    .   (no shield)
rNeg     . . .     Spirit   .   b - +0 leather armour
rPois    .         Reflect  .   (helmet unavailable)
rElec    .         Harm     .   (no cloak)
rCorr    .         Rampage  .   (no gloves)
Will     .....                  (no boots)
Stlth    +.........             (no amulet)
HPRegen  0.16/turn              (no ring)
MPRegen  0.10/turn              (no ring)

@: lethally poisoned (-2 -> -7)
A: permanent stasis, dig shafts and tunnels, four strong arms, antennae 3
a: Dig, Shaft Self, Renounce Religion, Depart the Abyss, Bend Space


You were on level 4 of the Dungeon.
You worshipped Lugonu.
Lugonu was pleased with you.
You visited 1 branch of the dungeon, and saw 4 of its levels.
You visited the Abyss 1 time.

You collected 152 gold pieces.

Inventory:

Hand Weapons
 a - a +1 hand axe
 j - a +2 short sword of protection
 n - a +0 great sword (weapon)
Armour
 b - a +0 leather armour (worn)
 o - a +0 helmet
Jewellery
 c - a +4 ring of slaying
 q - a ring of fire
Scrolls
 d - a scroll of magic mapping {unknown}
 f - a scroll of amnesia {unknown}
 g - 7 scrolls of identify {unknown}
 k - 2 scrolls of teleportation {unknown}
 l - 2 scrolls of random uselessness {unknown}
Potions
 e - a potion of lignification {unknown}
 h - a potion of heal wounds {unknown}
 i - a potion of curing {unknown}
 m - a potion of flight {unknown}
 p - a potion of berserk rage {unknown}


   Skills:
 + Level 4.6 Fighting
 - Level 2.0 Axes
 * Level 5.2 Armour
 - Level 0.8 Dodging
 - Level 2.4 Invocations


You had 5 spell levels left.
You didn't know any spells.
Your spell library was empty.

Dungeon Overview and Level Annotations

Branches:
Dungeon (4/15)             Temple (0/1) D:4

Altars:


Innate Abilities, Weirdness & Mutations

You cannot be hasted, slowed, berserked, paralysed or teleported.
You can dig through walls and to a lower floor.
Your four strong arms can wield two-handed weapons with a shield.
You have a pair of large antennae on your head. (SInv)


Message History

You hit the worker ant.
The worker ant is lightly wounded.
You feel sick.
The worker ant bites you but does no damage. x2
You barely miss the worker ant.
The worker ant is lightly wounded.
You feel sick. The worker ant barely misses you.
The iguana hisses menacingly.
The worker ant closely misses you.
You hit the worker ant.
The worker ant is moderately wounded.
The worker ant barely misses you.
You riposte.
You hit the worker ant but do no damage.
The worker ant is moderately wounded.
The worker ant bites you.
You hit the worker ant.
The worker ant is severely wounded.
You feel sick. The worker ant bites you.
You are more poisoned.
The worker ant poisons you! The worker ant misses you.
You slash the worker ant!
You kill the worker ant!
Lugonu accepts your kill.
You feel sick. The iguana bites you.
You have reached level 6!
Your experience leads to an increase in your attributes!
Increase (s)trength, (i)ntelligence, or (d)exterity?
You feel stronger.
You hit the iguana but do no damage.
You feel sick. The iguana barely misses you.
You barely miss the iguana.
You feel sick. The iguana bites you.
* * * LOW HITPOINT WARNING * * *
The iguana barely misses you.
You hit the iguana.
The iguana is lightly wounded.
You feel sick. The iguana barely misses you. The iguana closely misses you.
You completely miss the iguana.
The iguana is lightly wounded.
You feel sick. The iguana bites you!
You die...

#.##. ###.. .. .. #.... ....
.# .. #.##. #######... >...
#.... ......##..#.#. #####
#.#.#.# ..... # #.#.#.# ... #
#.#...# #l# # ###.....#
#@######## # #....##.#
#.)....... ## #....##.#
##.+..... #. #....##.# #.#
.... #. #....##.#####.##+###
#. #....##.......#.. ####.
#....##########.#########....
#....# #.##......'....
#....##########.#.......#.<.#


You could see an iguana.

Vanquished Creatures
  A hound (D:4)
  A worker ant (D:4)
  4 adders
  3 oozes
  A worm (D:3)
  A leopard gecko (D:2)
  7 orcs
  2 giant cockroaches
  11 goblins
  7 hobgoblins
  13 jackals
  A quokka (D:3)
  A ball python (D:2)
  7 bats
  3 frilled lizards
  7 kobolds
  4 rats
74 creatures vanquished.

Vanquished Creatures (others)
  4 toadstools (D:1)
4 creatures vanquished.

Grand Total: 78 creatures vanquished

Notes
Turn   | Place    | Note
-------+----------+-------------------------------------------
     0 | Abyss:1  | Nattfarinn the Formicid Abyssal Knight began the quest for
                  | the Orb.
     0 | Abyss:1  | Reached XP level 1. HP: 18/18 MP: 2/2
    54 | Abyss:1  | Noticed a raiju
    55 | D:1      | Escaped the Abyss
   330 | D:1      | Reached XP level 2. HP: 19/24 MP: 3/3
   478 | D:1      | Reached * piety under Lugonu
   592 | D:1      | Reached skill level 3 in Armour
   602 | D:1      | Reached XP level 3. HP: 11/29 MP: 4/4
   606 | D:1      | HP: 1/29 [jackal (1)]
  1731 | D:2      | Reached XP level 4. HP: 35/37 MP: 5/5
  2192 | D:2      | Reached skill level 4 in Armour
  3476 | D:3      | Reached ** piety under Lugonu
  3578 | D:3      | Reached XP level 5. HP: 42/42 MP: 6/6
  3790 | D:3      | Found a faded altar of an unknown god.
  4538 | D:4      | Reached skill level 5 in Armour
  4582 | D:4      | Found a staircase to the Ecumenical Temple.
  4665 | D:4      | Reached XP level 6. HP: 16/49 MP: 7/7
  4668 | D:4      | Slain by an iguana

Illustrated notes

Levels and vault maps discovered:
D:1:      ldierk_walled_garden_2, layout_loops_ring
D:2:      layout_loops_corners, minmay_tiny_reverse_x
D:3:      layout_basic, chequers_ecumenical_altar_island
D:4:      layout_basic, minmay_temple_entry_statues_pillars, st_stairs_14,
          serial_bayou_pond_a

Skill      XL: |  1  2  3  4  5 |
---------------+----------------+-----
Armour         | 3 4 5 |  5.2
Fighting       | 4 |  4.6
Axes           | |  2.0
Dodging        | |  0.8
Invocations    | |  2.4

Action                   |  1- 3 |  4- 6 || total
-------------------------+-------+-------++-------
Melee: Hand axe          |    95 |    34 ||   129
       Short sword       |       |    68 ||    68
       Great sword       |       |    43 ||    43
Invok: Depart the Abyss  |     1 |       ||     1
Armor: Leather armour    |    31 |    63 ||    94
Dodge: Dodged            |    73 |   111 ||   184
       Rpst.: Great sword |       |     8 ||     8

Table legend: (Time is in decaauts)
 A = Elapsed time spent in this place.
 B = Non-inter-level travel time spent in this place.
 C = Inter-level travel time spent in this place.
 D = Time resting spent in this place.
 E = Time spent auto-exploring this place.
 F = Levels seen in this place.
 G = Mean time per level.
                   A        B        C        D        E       F      G
               +--------+--------+--------+--------+--------+-----+--------+
         Total |   4740 |   4574 |    166 |   1641 |   2386 |   5 |  948.0 |
       Dungeon |   4679 |   4513 |    166 |   1641 |   2328 |   4 | 1169.8 |
         Abyss |     61 |     61 |      0 |      0 |     58 |   1 |   61.0 |
               +--------+--------+--------+--------+--------+-----+--------+

Top non-repeatable levels by time:
     D:2: 1793 daAuts
     D:1: 1392 daAuts
     D:3: 1137 daAuts
     D:4: 356 daAuts
 Abyss:1: 61 daAuts
